 Dungeon Crawl Stone Soup version 0.30-a0-799-g109b55a442 (webtiles) character file.

Game seed: 2565219433916215027

914 dialectric the Covert (level 8, 0/52 (54) HPs)
             Began as an Octopode Brigand on Feb 20, 2023.
             Was an Initiate of Trog.
             Slain by a wight
             ... wielding a +5 short sword
              (6 damage)
             ... on level 5 of the Dungeon.
             The game lasted 00:05:46 (4288 turns).

dialectric the Covert (Octopode Brigand)            Turns: 4288, Time: 00:05:46

HP:   0/52 (54)     AC:  1    Str: 10    XL:     8   Next: 9%
MP:   8/8           EV: 14    Int: 14    God:    Trog [......]
Gold: 219           SH:  0    Dex: 15    Spells: 5/7 levels left

rFire   . . .      SeeInvis .    a - +2 dagger
rCold   + . .      Faith    +    (no shield)
rNeg    . . .      Spirit   .    (helmet restricted)
rPois   .          Reflect  .    n - amulet of faith
rElec   .          Harm     .    i - ring of protection from cold
rCorr   .          Rampage  .    r - ring of flight
Will    .....                    (no ring)
Stlth   +++++                    (no ring)
HPRegen 0.28/turn                (no ring)
MPRegen 0.11/turn                (no ring)
                                 (no ring)
                                 (no ring)

@: flying, lightly drained
A: almost no armour, amphibious, 8 rings, camouflage 1, gelatinous body 1,
(nimble swimmer 1), tentacles
a: Renounce Religion


You were on level 5 of the Dungeon.
You worshipped Trog.
Trog was noncommittal.
You visited 2 branches of the dungeon, and saw 7 of its levels.
You also visited: Ossuary.

You collected 219 gold pieces.

Inventory:

Hand Weapons
 a - a +2 dagger (weapon)
Missiles
 b - 15 poisoned darts (quivered)
 c - 2 curare-tipped darts
Jewellery
 i - a ring of protection from cold (left tentacle)
 n - an amulet of faith (around mantle)
 r - a ring of flight (right tentacle)
Wands
 x - a wand of light (11)
Scrolls
 e - a scroll of enchant armour {unknown}
 f - 8 scrolls of identify {unknown}
 h - 2 scrolls of blinking {unknown}
 k - a scroll of amnesia {unknown}
 l - 3 scrolls of magic mapping {unknown}
 p - 2 scrolls of vulnerability {unknown}
 s - a scroll of torment {unknown}
 u - a scroll of poison {unknown}
 w - a scroll of enchant weapon {unknown}
 y - a scroll of immolation {unknown}
Potions
 d - 7 potions of curing {unknown}
 g - a potion of resistance {unknown}
 j - 3 potions of mutation {unknown}
 m - 2 potions of might {unknown}
 o - 2 potions of berserk rage
 q - a potion of flight
 t - 2 potions of haste {unknown}
 v - 2 potions of brilliance {unknown}
 z - a potion of attraction {unknown}


   Skills:
 * Level 4.6 Fighting
 + Level 4.7 Short Blades
 - Level 2.3 Throwing
 + Level 4.3 Dodging
 + Level 8.3 Stealth
 + Level 0.3 Spellcasting


You had 5 spell levels left.
You knew the following spells:

 Your Spells              Type           Power      Damage    Failure   Level
a - Ensorcelled Hibernat  Hex/Ice        0%         N/A       41%         2

Your spell library contained the following spells:

 Spells                   Type           Power      Damage    Failure   Level
 Foxfire                  Conj/Fire      0%         2x1d4     28%         1
 Necrotise                Necr           0%         1d4       28%         1
 Passwall                 Tmut/Erth      0%         N/A       41%         2
 Swiftness                Air            0%         N/A       65%         3
 Vampiric Draining        Necr           0%         2d6       65%         3
 Agony                    Necr           0%         N/A       100%        5
 Fireball                 Conj/Fire      0%         3d3       100%        5
 Starburst                Conj/Fire      0%         6d3       100%        6


Dungeon Overview and Level Annotations

Branches:
Dungeon (6/15)             Temple (1/1) D:5         Ossuary (visited)

Altars:
Ashenzari
Cheibriados
Dithmenos
Elyvilon
Fedhas
Gozag
Hepliaklqana
Makhleb
Nemelex Xobeh
Okawaru
Qazlal
Ru
Sif Muna
Trog
Uskayaw
Vehumet
Wu Jian
Xom
Zin
The Shining One

Shops:
D:4 :


Innate Abilities, Weirdness & Mutations

You cannot wear most types of armour.
You are amphibious.
You can wear up to eight rings at the same time.
Your skin changes colour to match your surroundings (Stealth+).
Your rubbery body absorbs attacks. (AC +1, EV +1)
((You are camouflaged when in or above water. (Stealth+)))
You have tentacles for arms and can constrict up to eight enemies at once.


Message History

You constrict the wight, but do no damage.
The wight hits you with a +5 short sword!
You release your grip on the wight.
The wight attacks as you move away!
The wight hits you with a +5 short sword.
There is a stone staircase leading up here.
The wight barely misses you.
You fly upwards.
There is a stone staircase leading down here.
Unknown command.
You closely miss the wight. You grab the wight.
The wight is lightly damaged.
You constrict the wight. The wight misses you.
You hit the wight but do no damage. You squeeze the wight.
The wight is moderately damaged.
You constrict the wight, but do no damage.
The wight barely misses you.
You hit the wight. You squeeze the wight.
The wight is heavily damaged.
You constrict the wight. You hit the wight but do no damage.
The wight is severely damaged.
You constrict the wight.
The wight hits you with a +5 short sword!
You are too injured to fight recklessly!
You are too injured to fight recklessly!
You are too injured to fight recklessly!
You are too injured to fight recklessly!
You are too injured to fight recklessly!
You are too injured to fight recklessly!
You are too injured to fight recklessly!
You are too injured to fight recklessly!
You are too injured to fight recklessly!
You release your grip on the wight.
The wight hits you with a +5 short sword!
* * * LOW HITPOINT WARNING * * *
You feel drained.
* * * LOW HITPOINT WARNING * * *
The wight hits you with a +5 short sword.
You die...

.##....## ##.## .#.....# #.#
##....## ### #.....# #.##..##
#..##..##### #####
#..........########...## ####
###...............>....#####..#
# ##.......<....@z............#
# ##........................##
# ##........................##
# #.........................# #
##.......................## #
#......##......[.......## ##
###....####...........####
.####.#..### #..<.......##
.##..)...# ##........##


You could see a wight.

Vanquished Creatures
  An ogre (D:4)
  A phantom (D:5)
  A kobold brigand (D:4)
  2 necrophages
  A scorpion (D:5)
  2 water moccasin zombies (Ossuary)
  A wight (D:6)
  2 hounds (D:4)
  An orc priest (D:5)
  An orc wizard (D:5)
  2 mummies (Ossuary)
  8 adders
  A shadow imp (D:5)
  A white imp (D:5)
  3 adder zombies (Ossuary)
  3 dart slugs
  7 orcs
  6 endoplasms
  A giant cockroach (D:1)
  3 gnoll zombies (Ossuary)
  8 hobgoblins
  6 kobolds
  10 quokkas
  7 ball pythons
  5 bats
  3 frilled lizards (D:1)
  5 goblins
  3 hobgoblin zombies (Ossuary)
  6 kobold zombies (Ossuary)
  5 orc zombies (Ossuary)
  5 rats
111 creatures vanquished.

Notes
Turn   | Place    | Note
-------+----------+-------------------------------------------
     0 | D:1      | dialectric the Octopode Brigand began the quest for the
                  | Orb.
     0 | D:1      | Reached XP level 1. HP: 14/14 MP: 1/1
   206 | D:1      | Reached XP level 2. HP: 19/19 MP: 2/2
   259 | D:1      | Reached skill level 6 in Stealth
   558 | D:1      | Reached XP level 3. HP: 24/24 MP: 3/3
   688 | D:2      | Reached skill level 7 in Stealth
   765 | D:2      | Reached XP level 4. HP: 29/29 MP: 4/4
  1208 | D:3      | Identified the +5 ring mail of Uzikhat {-Tele rC+ rN+
                  | Str+2}
  1254 | D:3      | Learned a level 2 spell: Ensorcelled Hibernation
  1367 | D:3      | Found a faded altar of an unknown god.
  1796 | D:4      | Reached skill level 8 in Stealth
  1796 | D:4      | Reached XP level 5. HP: 34/34 MP: 5/5
  1845 | D:4      | Found a sand-covered staircase.
  1852 | D:4      | Noticed an ogre
  1859 | Ossuary  | Entered an ossuary
  2015 | Ossuary  | Reached XP level 6. HP: 8/41 MP: 6/6
  2451 | D:4      | Reached XP level 7. HP: 46/46 MP: 7/7
  2534 | D:4      | Found Eplois's Tremendous Tomes.
  2722 | D:4      | Found a stormy altar of Qazlal.
  2731 | D:4      | Found a shadowy altar of Dithmenos.
  3014 | D:5      | Entered Level 5 of the Dungeon
  3042 | D:5      | Found a staircase to the Ecumenical Temple.
  3192 | Temple   | Entered the Ecumenical Temple
  3349 | Temple   | Became a worshipper of Trog the Wrathful
  4042 | D:5      | Reached XP level 8. HP: 54/54 MP: 8/8
  4288 | D:5      | Slain by a wight

Illustrated notes

Levels and vault maps discovered:
D:1:      tekkud_arrival_beachfront_property, layout_loops_ring,
          minmay_hexomino_f4
D:2:      layout_rooms, grunt_ministairs_10
D:3:      layout_rooms, shapermc_ecumenical_altar_totnotflames
D:4:      layout_basic, mainiacjoe_overflow_swirl,
          nicolae_ossuary_entry_monument, hangedman_decor_clover_reticule,
          minmay_misc_feat_nine_boxes, nicolae_shop_i_like_big_books
D:5:      layout_cave_pods, temple_pool_b, grunt_decor_clamped
D:6:      layout_basic
Temple:   hc_temple_tempest_star

Skill      XL: |  1  2  3  4  5  6  7 |
---------------+----------------------+-----
Stealth        | 6 7 8 |  8.3
Dodging        | 2 3 4 |  4.3
Short Blades   | 3 4 |  4.7
Fighting       | 3 4 |  4.6
Throwing       | |  2.3
Spellcasting   | |  0.3

Action                     |  1- 3 |  4- 6 |  7- 9 || total
---------------------------+-------+-------+-------++-------
  Melee: Dagger            |    60 |    96 |    74 ||   230
         Constrict         |    10 |    25 |    16 ||    51
         Tentacles         |     6 |    31 |    28 ||    65
         Punch             |     1 |     1 |       ||     2
  Throw: Dart              |       |       |     7 ||     7
    Use: Potion            |       |     2 |       ||     2
   Stab: Sleeping          |    16 |    20 |     7 ||    43
 Armour: Skin              |     3 |     3 |     2 ||     8
  Dodge: Dodged            |    24 |    41 |    32 ||    97

Table legend: (Time is in decaauts)
 A = Elapsed time spent in this place.
 B = Non-inter-level travel time spent in this place.
 C = Inter-level travel time spent in this place.
 D = Time resting spent in this place.
 E = Time spent auto-exploring this place.
 F = Levels seen in this place.
 G = Mean time per level.
                   A        B        C        D        E       F      G
               +--------+--------+--------+--------+--------+-----+--------+
         Total |   4260 |   4067 |    193 |    391 |   2747 |   8 |  532.5 |
       Dungeon |   3703 |   3521 |    182 |    194 |   2586 |   6 |  617.2 |
        Temple |    168 |    157 |     11 |      0 |     93 |   1 |  168.0 |
       Ossuary |    387 |    387 |      0 |    197 |     68 |   1 |  387.0 |
               +--------+--------+--------+--------+--------+-----+--------+

Top non-repeatable levels by time:
     D:5: 1083 daAuts
     D:4: 832 daAuts
     D:1: 645 daAuts
     D:2: 570 daAuts
     D:3: 562 daAuts
 Ossuary: 387 daAuts
  Temple: 168 daAuts
     D:6: 9 daAuts
